 Dungeon Crawl Stone Soup version 0.27.1-33-g824d729ab1 (webtiles) character file.

Game seed: 6438689960438772470

80 zeram the Covert (level 4, -4/22 HPs)
             Began as a Spriggan Brigand on Dec 4, 2021.
             Killed from afar by an orc wizard (7 damage)
             ... with a puff of flame
             ... on level 2 of the Dungeon.
             The game lasted 00:03:35 (2572 turns).

zeram the Covert (Spriggan Brigand)                 Turns: 2572, Time: 00:03:35

Health: -4/22      AC:  3    Str:  7    XL:     4   Next: 18%
Magic:  5/5        EV: 16    Int: 19    God:
Gold:   164        SH:  0    Dex: 16    Spells: 3/3 levels left

rFire    . . .     SeeInvis +   a - +2 dagger
rCold    . . .     Faith    .   (shield restricted)
rNeg     . . .     Spirit   .   b - +0 robe
rPois    .         Reflect  .   (helmet restricted)
rElec    .         Harm     .   c - +0 cloak
rCorr    .         Rampage  .   (gloves unavailable)
Will     .....                  (boots unavailable)
Stlth    ++++......             (no amulet)
HPRegen  0.07/turn              k - +6 ring of intelligence
MPRegen  0.09/turn              (no ring)

@: very quick
A: very small, no large weapons, unfitting armour, see invisible, speed 3
a: no special abilities


You were on level 2 of the Dungeon.
You visited 1 branch of the dungeon, and saw 3 of its levels.

You collected 164 gold pieces.

Inventory:

Hand Weapons
 a - a +2 dagger (weapon)
Missiles
 d - 22 poisoned darts (quivered)
 e - 2 curare-tipped darts
Armour
 b - a +0 robe (worn)
 c - a +0 cloak (worn)
Jewellery
 k - a +6 ring of intelligence (left hand)
Scrolls
 h - 2 scrolls of teleportation
 i - a scroll of summoning {unknown}
Potions
 g - 2 potions of curing
 j - a potion of magic


   Skills:
 - Level 1.5 Fighting
 - Level 2.1 Short Blades
 - Level 2.0 Throwing
 - Level 1.3 Dodging
 + Level 8.7 Stealth


You had 3 spell levels left.
You didn't know any spells.
Your spell library was empty.

Dungeon Overview and Level Annotations

Branches:
Dungeon (3/15)

Altars:

Annotations:
D:3 Robin


Innate Abilities, Weirdness & Mutations

You are very small and have problems with some larger weapons.
You are too small for most types of armour.
You have supernaturally acute eyesight. (SInv)
You cover ground extremely quickly. (Speed+++)


Message History

The adder hisses angrily.
The orc wizard casts a spell at you.
You easily resist.
The goblin shoots a stone.
The stone hits you.
The goblin shoots a stone.
The stone closely misses you.
There is a stone staircase leading up here.
The goblin shouts!
The goblin shoots a stone.
The stone barely misses you.
Robin zaps a wand.
The puff of flame hits you.
The goblin shoots a stone.
The stone hits you. The orc wizard casts a spell at you.
You easily resist.
You climb upwards.
There is a stone staircase leading down here.
You hit the orc wizard.
The orc wizard is lightly wounded.
The orc wizard hits you with a +0 dagger.
Throw: 24 darts (poison)
Press: ? - help, Q - select action, (/) - cycle Shift-Dir - straight line, f - orc wizard
Aim: an orc wizard, wielding a +0 dagger and wearing a +0 robe (lightly wounded, 53% to hit)
You throw a poisoned dart. The poisoned dart hits the orc wizard.
The orc wizard is poisoned.
The orc wizard is lightly wounded.
The orc wizard misses you.
You hit the orc wizard.
The orc wizard is moderately wounded.
The orc wizard points at you and mumbles some strange words.
The magic dart hits you!
* * * LOW HITPOINT WARNING * * *
The orc wizard gestures at you while chanting.
You easily resist.
The orc wizard looks more healthy.
Throw: 23 darts (poison)
Press: ? - help, Q - select action, (/) - cycle Shift-Dir - straight line, f/p - orc wizard
Aim: an orc wizard, wielding a +0 dagger and wearing a +0 robe (severely wounded, 53% to hit)
You throw a poisoned dart. The poisoned dart hits the orc wizard.
The orc wizard is poisoned.
The orc wizard is severely wounded.
The orc wizard casts a spell at you. The puff of flame hits you!
You die...

####.###.#.#.....##.#.#
#.........o....####.#.####
#..#..8..#....#####.#.....
##..##...##..#.......######
#...#######..#########
#...##)..##..########
#...#..8..#...#.....#
#.............#.....# ###
#.######..@...#.....# #..
#.# #.#.##.#.....# #.# #.#
##.#.##.#.....# #.#
#.#####....##.###.### #..
#.........###.# #.# #..
#####.#...###.# #.# ####..
#.#.......###.####.....
#.#.....##.........#.#.
########
#.###.#<##.......#...#.


You could see an orc wizard (poisoned).

Vanquished Creatures
  2 adders (D:2)
  3 worms (D:2)
  2 dart slugs (D:1)
  An orc (D:3)
  3 ball pythons
  4 bats
  7 endoplasms
  4 giant cockroaches
  6 hobgoblins
  4 quokkas
  A frilled lizard (D:1)
  4 goblins
  2 kobolds (D:1)
  A rat (D:2)
44 creatures vanquished.

Notes
Turn   | Place    | Note
-------+----------+-------------------------------------------
     0 | D:1      | zeram the Spriggan Brigand began the quest for the Orb.
     0 | D:1      | Reached XP level 1. HP: 10/10 MP: 2/2
    46 | D:1      | Reached skill level 6 in Stealth
   218 | D:1      | Reached XP level 2. HP: 14/14 MP: 3/3
   312 | D:1      | Reached skill level 7 in Stealth
  1046 | D:2      | Reached XP level 3. HP: 18/18 MP: 4/4
  1372 | D:2      | Reached skill level 8 in Stealth
  1744 | D:2      | Reached XP level 4. HP: 20/22 MP: 5/5
  1970 | D:3      | Noticed Robin
  2572 | D:2      | Killed from afar by an orc wizard

Illustrated notes

Levels and vault maps discovered:
D:1:      nicolae_arrival_washed_ashore, layout_loops_ring
D:2:      layout_loops_cross, mrwooster_statue_mirror
D:3:      layout_rooms, serial_undead, serial_undead_f, serial_undead_e,
          serial_undead_d, serial_undead_e, serial_undead_d, serial_undead_d,
          serial_undead_f, uniq_robin

Skill      XL: |  1  2  3 |
---------------+----------+-----
Stealth        | 6 7 8 |  8.7
Fighting       | |  1.5
Short Blades   | |  2.1
Throwing       | |  2.0
Dodging        | |  1.3

Action                   |  1- 3 |  4- 6 || total
-------------------------+-------+-------++-------
Melee: Dagger            |    99 |    32 ||   131
Throw: Dart              |     5 |     2 ||     7
  Use: Scroll            |     1 |     2 ||     3
 Stab: Sleeping          |    16 |     2 ||    18
Armor: Robe              |    11 |     4 ||    15
Dodge: Dodged            |    59 |    25 ||    84
